 Dungeon Crawl Stone Soup version 0.21-a0-153-g78480df (webtiles) character file.

4949 Manul the Cleaver (level 10, 0/77 HPs)
             Began as a Mummy Gladiator on July 31, 2017.
             Was an Initiate of Gozag.
             Slain by a vampire mosquito (2 damage)
             ... on level 9 of the Dungeon.
             The game lasted 00:14:56 (9748 turns).

Manul the Cleaver (Mummy Gladiator)                 Turns: 9748, Time: 00:14:57

Health: 0/77       AC: 17    Str: 21    XL:     10   Next: 28%
Magic:  10/10      EV: 10    Int:  7    God:    Gozag
Gold:   1063       SH:  0    Dex: 14    Spells: 9/9 levels left

rFire    x . .     SeeInvis .   a - +0 war axe
rCold    + + .     Gourm    .   (no shield)
rNeg     + + +     Faith    .   t - +0 chain mail
rPois    ∞         Spirit   .   c - +0 helmet
rElec    .         Reflect  .   h - +0 cloak
rCorr    .         Harm     .   s - +1 pair of gloves
MR       +....                  (no boots)
Stlth    ..........             (no amulet)
HPRegen  0.22/turn              i - +3 ring of protection
MPRegen  0.12/turn              u - ring of protection from cold

@: about to teleport, gold aura
A: no food or potions, fire vulnerability, cold resistance 1, negative energy
resistance 3, torment resistance, unbreathing
a: Potion Petition, Call Merchant, Bribe Branch, Renounce Religion


You were on level 9 of the Dungeon.
You worshipped Gozag.
Gozag was most pleased with you.
You were not hungry.

You visited 1 branch of the dungeon, and saw 10 of its levels.

You collected 1136 gold pieces.
You paid 73 gold pieces to Gozag.

Inventory:

Hand Weapons
 a - a +0 war axe (weapon)
 A - the +5 long sword "Mavon" {slice, rC+ SInv, unknown}
   (You found it on level 7 of the Dungeon)

   It inflicts extra damage upon your enemies.
   It protects you from cold.
   It lets you see invisible.
Missiles
 d - a throwing net (quivered)
Armour
 c - a +0 helmet (worn)
 h - a +0 cloak (worn)
 s - a +1 pair of gloves (worn)
 t - a +0 chain mail (worn)
 B - the +2 ring mail of the Morning Star {rN++ Int+2 Dex-4 Stlth+}
   (You found it on level 9 of the Dungeon)

   It affects your intelligence (+2).
   It affects your dexterity (-4).
   It greatly protects you from negative energy.
   It makes you more stealthy.
Jewellery
 b - an uncursed ring of stealth
 i - a +3 ring of protection (left hand)
 p - an uncursed ring of ice
 u - a ring of protection from cold (right hand)
Wands
 k - a wand of lightning (9/15)
 o - a wand of digging (16/24)
 q - a wand of flame (20/48)
 v - a wand of lightning (3/15)
 x - a wand of disintegration (2/24)
 z - a wand of flame (23/48)
 C - a wand of iceblast (7/15)
 D - a wand of random effects (14/48)
Scrolls
 e - 3 scrolls of blinking {unknown}
 f - 5 scrolls of remove curse
 g - 3 scrolls of identify
 j - a scroll of enchant armour {unknown}
 l - a scroll of teleportation
 m - 2 scrolls of recharging {unknown}
 n - 3 scrolls of fog {unknown}
 r - 2 scrolls of enchant weapon {unknown}
 w - 2 scrolls of fear {unknown}
Books
 y - a book of Maledictions

   Spells                             Type                      Level
   a - Corona                         Hexes                        1
   b - Ensorcelled Hibernation        Hexes/Ice                    2
   c - Confuse                        Hexes                        3
   d - Tukima's Dance                 Hexes                        3
   e - Dazzling Spray                 Conjuration/Hexes            3


   Skills:
 + Level 6.8 Fighting
 + Level 9.9 Axes
 - Level 1.5 Throwing
 + Level 5.2 Armour
 + Level 4.1 Dodging
 + Level 1.1 Evocations


You had 9 spell levels left.
You didn't know any spells.

Dungeon Overview and Level Annotations

Branches:
Dungeon (10/15)            Temple (0/1) D:6
   Lair: D:8-11         Orc: D:9-12

Altars:
Cheibriados
Dithmenos
Gozag
Hepliaklqana
Kikubaaqudgha
Makhleb
Yredelemnul
The Shining One

Shops:
D:9 ?

Annotations:
D:3 casual's ghost, amateur DsTm


Innate Abilities, Weirdness & Mutations

You do not eat or drink.
Your flesh is vulnerable to fire.
You are immune to poison.
Your flesh is cold resistant. (rC+)
You are immune to negative energy. (rN+++)
You are immune to unholy pain and torment.
You can survive without breathing.


Message History

The vampire mosquito bites you.
* * * LOW HITPOINT WARNING * * *
There is a stone staircase leading down here.
Unknown command.
Unknown command.
Unknown command.
As you read the scroll of teleportation, it crumbles to dust.
You feel strangely unstable.
The vampire mosquito bites you but does no damage.
The vampire mosquito bites you.
* * * LOW HITPOINT WARNING * * *
The steam dragon misses you.
The steam dragon claws you but does no damage.
You slash the steam dragon!
The steam dragon is heavily wounded.
You hit the vampire mosquito. The vampire mosquito bites you!
* * * LOW HITPOINT WARNING * * *
The vampire mosquito bites you.
You die...
Your body crumbles into a pile of gold.

#.#..... #.. #....... #.#
##......# #.# #.......## #.#
#.........# #.# #.......#.#
##.# #......#.# #≈.#
#......#.####### #####≈.
#............y@# ###...#..
#......#.#####D# #%'.#.'≈(
#......#.# #.# ###...#..
#####t.#.# #.# #####≈.
###y.#.# #.# ##########≈.#
#....#.#####.####...........#
#....#.................######
##....################.## #
#.....).#####.....## #.# #


You could see a steam dragon and a vampire mosquito.

Vanquished Creatures
  Psyche (D:8)
  2 trolls (D:9)
  Sigmund (D:2)
  A hungry ghost (D:7)
  6 yaks (D:9)
  2 vampire mosquitoes
  A water moccasin (D:9)
  An orc warrior (D:6)
  A hornet zombie (D:7)
  A necrophage (D:6)
  A phantom (D:8)
  A centaur (D:6)
  4 ogres
  9 bullfrogs
  A scorpion (D:6)
  2 howler monkeys (D:9)
  4 crimson imps
  2 quasits
  3 hounds
  4 jellies
  4 orc wizards
  Crazy Yiuf (D:5)
  A bullfrog skeleton (D:9)
  4 orc priests
  A centaur skeleton (D:8)
  2 iguanas
  6 worker ants
  A hound zombie (D:8)
  A hound skeleton (D:6)
  A howler monkey zombie (D:8)
  A worker ant zombie (D:4)
  8 adders
  A shadow imp (D:5)
  8 oozes
  2 adder zombies
  6 worms
  An adder skeleton (D:10)
  4 dart slugs
  2 leopard geckos (D:6)
  12 orcs
  6 giant cockroaches
  9 goblins
  12 hobgoblins
  9 jackals
  2 kobolds
  9 quokkas
  2 ball pythons
  A ball python skeleton (D:5)
  8 bats
  8 frilled lizards
  A jackal skeleton (D:6)
  2 leopard gecko skeletons
  A leopard gecko zombie (D:8)
  9 rats
194 creatures vanquished.

Notes
Turn   | Place    | Note
-------+----------+-------------------------------------------
     0 | D:1      | Manul the Mummy Gladiator began the quest for the Orb.
     0 | D:1      | Reached XP level 1. HP: 16/16 MP: 1/1
   146 | D:1      | Reached XP level 2. HP: 22/22 MP: 2/2
   349 | D:1      | Reached skill level 3 in Axes
   526 | D:1      | Reached XP level 3. HP: 26/27 MP: 3/3
  1271 | D:2      | Reached skill level 1 in Armour
  1336 | D:2      | Noticed Sigmund
  1708 | D:1      | Reached XP level 4. HP: 34/34 MP: 4/4
  1785 | D:2      | Killed Sigmund
  1785 | D:2      | Reached skill level 4 in Axes
  1785 | D:2      | Reached XP level 5. HP: 37/40 MP: 5/5
  2025 | D:3      | Reached XP level 6. HP: 33/46 MP: 6/6
  2308 | D:3      | Noticed casual's ghost (amateur DsTm)
  2946 | D:5      | Entered Level 5 of the Dungeon
  3138 | D:5      | Found a glowing drain.
  3302 | D:4      | Reached skill level 5 in Axes
  3312 | D:4      | Reached XP level 7. HP: 47/52 MP: 7/7
  3588 | D:4      | Found a shadowy altar of Dithmenos.
  3712 | D:4      | Found a faded altar of an unknown god.
  3712 | D:4      | Found an ancient bone altar of Kikubaaqudgha.
  3717 | D:4      | Found a basalt altar of Yredelemnul.
  3719 | D:4      | Found an opulent altar of Gozag.
  3720 | D:4      | Found a snail-covered altar of Cheibriados.
  3725 | D:4      | Became a worshipper of Gozag Ym Sagoz the Greedy
  4099 | D:5      | Found a runed door.
  4150 | D:5      | Found a hazy altar of Hepliaklqana.
  4411 | D:5      | Noticed Crazy Yiuf
  4418 | D:5      | Killed Crazy Yiuf
  4517 | D:6      | Found a glowing golden altar of the Shining One.
  4812 | D:6      | Reached skill level 6 in Axes
  5073 | D:6      | Reached XP level 8. HP: 60/60 MP: 8/8
  5130 | D:6      | Found a burning altar of Makhleb.
  5237 | D:6      | Found a staircase to the Ecumenical Temple.
  5398 | D:6      | Reached skill level 7 in Axes
  5572 | D:7      | Reached skill level 5 in Fighting
  5806 | D:7      | Got an encrusted long sword
  6040 | D:8      | Reached XP level 9. HP: 47/68 MP: 9/9
  6314 | D:8      | Noticed Psyche
  6323 | D:8      | Killed Psyche
  6323 | D:8      | Reached skill level 8 in Axes
  6401 | D:8      | Noticed a green ugly thing
  7688 | D:9      | Reached skill level 9 in Axes
  8248 | D:9      | Reached XP level 10. HP: 77/77 MP: 10/10
  8260 | D:9      | Reached skill level 5 in Armour
  8586 | D:9      | Got a translucent ring mail
  8789 | D:8      | Identified the +2 ring mail of the Morning Star {rN++ Int+2 Dex-4 Stlth+} (You found it on level 9 of the Dungeon)
  9138 | D:9      | Reached skill level 1 in Evocations
  9147 | D:9      | Found Duilu's Magic Scroll Shop.
  9733 | D:10     | Entered Level 10 of the Dungeon
  9748 | D:9      | HP: 2/77 [vampire mosquito (9)]
  9748 | D:9      | Slain by a vampire mosquito

Vault maps used:
D:1:      nicolae_arrival_somewhat_less_tricky_arrival
D:2:      corexii_leaking_fountain, minmay_pentomino_s4, uniq_sigmund
D:4:      chequers_temple_overflow_minitemple, grunt_dithmenos_smoke
D:5:      kennysheep_mini_moat, first_bread, lightli_sewer_entry_pipes,
          dk_noncrumbling_2, eino_tiny_chamber, grunt_decor_one_mirror,
          uniq_crazy_yiuf_cottage
D:6:      lemuel_crystal_altar, minmay_temple_entry_enclosed_plants,
          hangedman_abyss_or_decor_stabs, makhleb_blood_cavern_becter
D:7:      hangedman_decor_points
D:8:      uniq_psyche
D:9:      grunt_temple_overflow_diamond, serial_shops, shop_fountains,
          hangedman_little_slice_of_home
D:10:     due_lair_maze_entry_diamond

Skill      XL: |  1  2  3  4  5  6  7  8  9 10 |
---------------+-------------------------------+-----
Axes           | 3 4 5 6 7 9 |  9.9
Armour         | 1 2 3 4 5 |  5.2
Fighting       | 3 5 6 |  6.8
Dodging        | 3 4 |  4.1
Evocations     | 1 |  1.1
Throwing       | |  1.5

Action                   |  1- 3 |  4- 6 |  7- 9 | 10-12 || total
-------------------------+-------+-------+-------+-------++-------
Melee: War axe           |   133 |   182 |   556 |    89 ||   960
Throw: Throwing net      |       |     2 |     1 |       ||     3
Invok: Potion Petition   |       |       |     1 |       ||     1
Evoke: Wand              |       |       |     2 |     9 ||    11
  Use: Scroll            |       |     6 |     6 |     2 ||    14
 Stab: Sleeping          |     1 |       |       |       ||     1
       Held in net/web   |       |     2 |       |       ||     2
       Invisible         |       |       |     3 |       ||     3
       Distracted        |       |       |     2 |       ||     2
Armor: Ring mail         |    29 |       |       |    12 ||    41
       Scale mail        |    29 |   108 |    12 |       ||   149
       Chain mail        |       |       |   434 |    76 ||   510
Dodge: Dodged            |    92 |   142 |   337 |    84 ||   655
